 Dungeon Crawl Stone Soup version 0.29-a0-717-g6dac4ea423 (webtiles) character file.

Game seed: 10500513675583375240

1444 zeratav the Skirmisher (level 8, 0/37 HPs)
             Began as a Spriggan Arcane Marksman on June 26, 2022.
             Slain by a centaur
             ... wielding a +0 hand axe
              (1 damage)
             ... on level 5 of the Dungeon on June 27, 2022.
             The game lasted 00:11:26 (7485 turns).

zeratav the Skirmisher (Spriggan Arcane Marksman)   Turns: 7485, Time: 00:11:27

Health: 0/37       AC:  2    Str:  6    XL:     8   Next: 46%
Magic:  10/11      EV: 17    Int: 14    God:
Gold:   290        SH:  0    Dex: 18    Spells: 8/9 levels left

rFire   . . .      SeeInvis +   a - +0 sling
rCold   . . .      Faith    .   (no shield)
rNeg    . . .      Spirit   .   c - +0 robe
rPois   +          Reflect  .   (helmet restricted)
rElec   .          Harm     .   (no cloak)
rCorr   .          Rampage  .   (gloves unavailable)
Will    +....                   (boots unavailable)
Stlth   +++.......              (no amulet)
HPRegen 0.12/turn               l - ring of poison resistance
MPRegen 0.12/turn               (no ring)

@: very quick
A: very small, no large weapons, unfitting armour, see invisible, speed 3
a: no special abilities


You were on level 5 of the Dungeon.
You visited 2 branches of the dungeon, and saw 7 of its levels.

You collected 290 gold pieces.


Innate Abilities, Weirdness & Mutations

You are very small and have problems with some larger weapons.
You are too small for most types of armour.
You have supernaturally acute eyesight. (SInv)
You cover ground extremely quickly. (Speed+++)


   Skills:
 - Level 0.7 Fighting
 + Level 12.1 Ranged Weapons
 - Level 2.6 Dodging
 - Level 5.0 Stealth
 - Level 1.3 Spellcasting
 - Level 3.6 Hexes


You had 8 spell levels left.
You knew the following spells:

 Your Spells              Type           Power      Damage    Failure   Level
a - Slow                  Hex            44%        N/A       6%          1

Your spell library contained the following spells:

 Spells                   Type           Power      Damage    Failure   Level
 Inner Flame              Hex/Fire       6%         N/A       36%         3
 Portal Projectile        Hex/Tloc       12%        N/A       36%         3
 Cause Fear               Hex            5%         N/A       50%         4

Inventory:

Hand Weapons
 a - a +0 sling (weapon)
 t - a +3 dagger {short}
   (You took it off a wight on level 5 of the Dungeon)
Armour
 c - a +0 robe (worn)
 n - a scarf of harm
   (You found it on level 4 of the Dungeon)
 q - a scarf of harm
   (You found it on level 5 of the Dungeon)
Jewellery
 l - a ring of poison resistance (left hand)
   (You found it on level 3 of the Dungeon)
 r - a ring of protection from fire
   (You found it on level 5 of the Dungeon)
 s - a ring of magical power
   (You found it on level 5 of the Dungeon)
Scrolls
 b - a scroll of vulnerability {!r!r}
 d - 7 scrolls of identify {unknown}
 g - 2 scrolls of fog {unknown}
 k - 2 scrolls of teleportation {unknown}
 p - a scroll of magic mapping {unknown}
Potions
 e - a potion of curing {unknown}
 f - a potion of mutation {unknown}
 h - 2 potions of cancellation {unknown}
 i - a potion of ambrosia {unknown}
 j - a potion of magic {unknown}
 m - a potion of brilliance {unknown}
 o - 2 potions of lignification {unknown}

Dungeon Overview and Level Annotations

Branches:
Dungeon (6/15) Zot: 26047  Temple (1/1) D:4 Zot: 5859

Altars:
Ashenzari
Cheibriados
Fedhas
Gozag
Hepliaklqana
Kikubaaqudgha
Makhleb
Nemelex Xobeh
Ru
Sif Muna
Uskayaw
Vehumet
Wu Jian
Xom
Zin
The Shining One

Annotations:
D:4 3 runed translucent doors, Shayle's ghost, amateur DrCj; xian's ghost, amateur DsFi

#.............#...#
##.#
#####.............##
#..
##..............###..
#...............##...
##...................#
#.|..................#
#...................##
##...[................#
#....c@...............#
#.....z................
#...............)......
##.....................
#...............<.....
#.....................
#...................[.
##.....รท..............
#....................


You could see a centaur and a wight.


Message History

You now have 35 max hp (-2).
You take 12 damage, and now have 25/35 hp.
MASSIVE DAMAGE!! (PAUSE)
The wight misses you.
Casting: Slow (safe; 6% risk of failure)
Confirm with . or Enter, or press ? or * to list all spells.
Aiming: Slow (safe; 6% risk of failure)
Press: ? - help, Shift-Dir - straight line, f/p - wight
Aim: a wight, wielding a +3 spear and wearing a +0 robe (chance to affect: 50%)
The wight seems to slow down.
HP[+1] MP[-1]
You lost 1 mp, and now have 10/11 mp.
Fire: a) +0 sling
Press: ? - help, Q - select action, (/) - cycle Shift-Dir - straight line, f/p - wight
Aim: a wight, wielding a +3 spear and wearing a +0 robe (slow, 64% to hit)
You shoot a sling bullet. The sling bullet hits the wight.
Fire: a) +0 sling
Press: ? - help, Q - select action, (/) - cycle Shift-Dir - straight line, f/p - wight
Aim: a wight, wielding a +3 spear and wearing a +0 robe (moderately damaged, slow, 64% to hit)
You shoot a sling bullet. The sling bullet hits the wight!
Fire: a) +0 sling
Press: ? - help, Q - select action, (/) - cycle Shift-Dir - straight line, f/p - wight
Aim: a wight, wielding a +3 spear and wearing a +0 robe (severely damaged, slow, 64% to hit)
You shoot a sling bullet.
The sling bullet barely misses the wight.
Fire: a) +0 sling
Press: ? - help, Q - select action, (/) - cycle Shift-Dir - straight line, f/p - wight
Aim: a wight, wielding a +3 spear and wearing a +0 robe (severely damaged, slow, 64% to hit)
You shoot a sling bullet.
The sling bullet hits the wight but does no damage.
Fire: a) +0 sling
Press: ? - help, Q - select action, (/) - cycle Shift-Dir - straight line, f/p - wight
Aim: a wight, wielding a +3 spear and wearing a +0 robe (severely damaged, slow, 64% to hit)
You shoot a sling bullet. The sling bullet hits the wight.
Fire: a) +0 sling
Press: ? - help, Q - select action, (/) - cycle Shift-Dir - straight line, f/p - wight
Aim: a wight, wielding a +3 spear and wearing a +0 robe (almost destroyed, slow, 64% to hit)
You shoot a sling bullet.
The sling bullet closely misses the wight.
MP[+1]
Your mp is fully restored (11).
Fire: a) +0 sling
Press: ? - help, Q - select action, (/) - cycle Shift-Dir - straight line, f/p - wight
Aim: a wight, wielding a +3 spear and wearing a +0 robe (almost destroyed, slow, 64% to hit)
You shoot a sling bullet.
The sling bullet hits the wight but does no damage.
Fire: a) +0 sling
Press: ? - help, Q - select action, (/) - cycle Shift-Dir - straight line, f/p - wight
Aim: a wight, wielding a +3 spear and wearing a +0 robe (almost destroyed, slow, 64% to hit)
You shoot a sling bullet. The sling bullet hits the wight.
You destroy the wight!
Your life force feels restored.
Your Ranged Weapons skill increases to level 12!
HP[+1]
You now have 37 max hp (+2).
You start resting.
HP[+10]
Your hp is fully restored (37).
u - a +3 spear {polearm} You see here a +0 robe.
You drop a +3 spear {polearm}.
There is a stone staircase leading down, spattered with blood here.
You climb downwards.
The centaur unwields a +0 hand axe.
The centaur wields a +0 shortbow.
The centaur shoots an arrow.
The arrow closely misses you.
The centaur shoots an arrow.
The arrow hits you!
You hear a bark!
There is a stone staircase leading up here.
HP[-9]
You take 9 damage, and now have 28/37 hp.
MASSIVE DAMAGE!! (PAUSE)
You shoot a sling bullet. The sling bullet hits the wight.
The centaur shoots an arrow.
The arrow hits you.
The centaur shoots an arrow.
The arrow closely misses you.
HP[-5]
You take 5 damage, and now have 23/37 hp.
The wight hits you with a +0 spear.
There is a stone staircase leading up here.
HP[-4]
You take 4 damage, and now have 19/37 hp.
The centaur unwields a +0 shortbow.
The centaur wields a +0 hand axe.
The centaur closely misses you. The centaur completely misses you.
The wight barely misses you.
The centaur hits you with a +0 hand axe!
* * * LOW HITPOINT WARNING * * *
The centaur kicks you but does no damage.
You climb upwards.
There is a stone staircase leading down, spattered with blood here.
HP[-10]
You take 10 damage, and now have 9/37 hp.
MASSIVE DAMAGE!! (PAUSE)
Casting: Slow (safe; 6% risk of failure)
Confirm with . or Enter, or press ? or * to list all spells.
Aiming: Slow (safe; 6% risk of failure)
Press: ? - help, Shift-Dir - straight line, f - centaur
Aim: a centaur, wielding a +0 hand axe and quivering stones (chance to affect: 50%)
The centaur resists with some effort.
The centaur hits you with a +0 hand axe!
* * * LOW HITPOINT WARNING * * *
The centaur kicks you.
You die...

Skill      XL: |  1  2  3  4  5  6  7  8 |
---------------+-------------------------+-----
Ranged Weapons | 3 4 5 6 8 9 10 12 | 12.1
Stealth        | 5 |  5.0
Fighting       | |  0.7
Dodging        | |  2.6
Spellcasting   | |  1.3
Hexes          | |  3.6

Action                   |  1- 3 |  4- 6 |  7- 9 || total
-------------------------+-------+-------+-------++-------
 Fire: Sling             |   139 |   156 |   323 ||   618
 Cast: Slow              |     2 |     8 |    12 ||    22
Armor: Robe              |     2 |     2 |     8 ||    12
Dodge: Dodged            |    72 |    43 |    99 ||   214

Levels and vault maps discovered:
D:1:      dpeg_arrival_three_smaller_balls, layout_loops_cross,
          shapermc_ecumenical_altar_venn
D:2:      layout_loops_ring, basic_altar, minivault_23, uniq_terence
D:3:      layout_basic, serial_shops, nicolae_shop_stone,
          minmay_misc_feat_columns, grunt_decor_cap, minivault_23,
          minmay_close_crescents
D:4:      layout_loops_ring, minmay_temple_entry_ruins,
          gammafunk_ghost_cemetery, uniq_sigmund
D:5:      layout_layer_cave
D:6:      layout_rooms, uniq_eustachio
Temple:   minmay_temple_bridge_d

Notes
Turn   | Place    | Note
-------+----------+-------------------------------------------
     0 | D:1      | zeratav the Spriggan Arcane Marksman began the quest for
                  | the Orb.
     0 | D:1      | Reached XP level 1. HP: 9/9 MP: 3/3
     0 | D:1      | magus.rc [v1.9.6]
   186 | D:1      | Found a faded altar of an unknown god.
   198 | D:1      | Reached skill level 3 in Ranged Weapons
   291 | D:1      | Reached XP level 2. HP: 14/14 MP: 5/5
   778 | D:1      | Reached skill level 4 in Ranged Weapons
  1072 | D:2      | Reached XP level 3. HP: 8/17 MP: 6/6
  1726 | D:2      | Found a glowing silver altar of Zin.
  1727 | D:2      | Noticed Terence
  1749 | D:2      | Reached skill level 5 in Ranged Weapons
  1784 | D:2      | Killed Terence
  1785 | D:2      | Reached XP level 4. HP: 16/21 MP: 7/7
  2233 | D:2      | You fall into a shaft and drop 1 floor!
  2481 | D:3      | Found Hiud Ono's General Store.
  2608 | D:3      | Reached skill level 6 in Ranged Weapons
  3224 | D:4      | Reached XP level 5. HP: 25/25 MP: 8/8
  3317 | D:4      | Reached skill level 7 in Ranged Weapons
  3335 | D:4      | Found a staircase to the Ecumenical Temple.
  3342 | Temple   | Entered the Ecumenical Temple
  3739 | D:4      | Noticed Sigmund
  3810 | D:4      | Killed Sigmund
  3811 | D:4      | Reached skill level 8 in Ranged Weapons
  3811 | D:4      | Reached XP level 6. HP: 9/29 MP: 7/9
  4188 | D:4      | Reached skill level 9 in Ranged Weapons
  4307 | D:4      | Reached XP level 7. HP: 28/32 MP: 10/10
  4360 | D:4      | Found a runed translucent gate.
  4361 | D:4      | Found a runed translucent gate.
  4361 | D:4      | Found a runed translucent gate.
  4362 | D:4      | Noticed xian's ghost (amateur DsFi)
  4363 | D:4      | Noticed Shayle's ghost (amateur DrCj)
  4725 | D:5      | Entered Level 5 of the Dungeon
  5340 | D:5      | Reached skill level 10 in Ranged Weapons
  5340 | D:5      | Reached skill level 1 in Stealth
  5729 | D:5      | Reached skill level 4 in Stealth
  5910 | D:5      | Reached skill level 5 in Stealth
  6457 | D:5      | Reached XP level 8. HP: 36/37 MP: 11/11
  6564 | D:5      | Reached skill level 11 in Ranged Weapons
  7378 | D:5      | Reached skill level 12 in Ranged Weapons
  7483 | D:6      | HP: 9/37 [centaur/+0 hand axe (11)]
  7485 | D:5      | HP: 1/37 [centaur/+0 hand axe (8)]
  7485 | D:5      | Slain by a centaur

Vanquished Creatures
  Sigmund (D:4)
  An ice beast (D:5)
  A sky beast (D:5)
  2 phantoms
  A kobold brigand (D:5)
  2 necrophages
  A scorpion (D:4)
  4 wights (D:5)
  A howler monkey (D:5)
  3 hounds (D:5)
  2 jellies
  Terence (D:2)
  2 iguanas
  11 adders
  A white imp (D:5)
  2 ufetubi (D:5)
  2 worms
  4 dart slugs
  11 orcs
  6 ball pythons
  9 endoplasms
  3 giant cockroaches
  5 goblins
  9 hobgoblins
  2 quokkas
  5 bats
  8 kobolds
  7 rats
107 creatures vanquished.

Vanquished Creatures (others)
  4 withered plants (D:4)
4 creatures vanquished.

Grand Total: 111 creatures vanquished

Table legend:
 A = Non-vault XP
 B = Vault XP
 C = Vault XP percentage of total XP
 D = Non-vault monster count
 E = Vault monster count
 F = Vault count percentage of total count
                 A         B        C        D         E       F
            +---------+---------+-------+---------+---------+-------
      Total |    1775 |     288 |  14.0 |     101 |       6 |   5.6
            +---------+---------+-------+---------+---------+-------
        D:1 |      36 |       0 |   0.0 |      19 |       0 |   0.0
        D:2 |      50 |      36 |  41.9 |      14 |       1 |   6.7
        D:3 |      38 |       5 |  11.6 |      14 |       4 |  22.2
        D:4 |     440 |     247 |  36.0 |      22 |       1 |   4.3
        D:5 |    1208 |       0 |   0.0 |      30 |       0 |   0.0
        D:6 |       3 |       0 |   0.0 |       2 |       0 |   0.0
            +---------+---------+-------+---------+---------+-------

Illustrated notes

Table legend:
 A = Kills in this place as a percentage of kills in entire the game.
 B = Kills by you in this place as a percentage of kills by you in the entire game.
 C = Kills by friends in this place as a percentage of kills by friends in the entire game.
 D = Other kills in this place as a percentage of other kills in the entire game.
 E = Experience gained in this place as a percentage of experience gained in the entire game.
 F = Experience gained in this place divided by the number of levels of this place that you have seen.
                   A       B       C       D       E      F
               +-------+-------+-------+-------+-------+----------------------
         Total | 100.0 | 100.0 |   N/A |   N/A | 100.0 | 294.7
       Dungeon | 100.0 | 100.0 |   N/A |   N/A | 100.0 | 343.8
               +-------+-------+-------+-------+-------+----------------------

Table legend: (Time is in decaauts)
 A = Elapsed time spent in this place.
 B = Non-inter-level travel time spent in this place.
 C = Inter-level travel time spent in this place.
 D = Time resting spent in this place.
 E = Time spent auto-exploring this place.
 F = Levels seen in this place.
 G = Mean time per level.
                   A        B        C        D        E       F      G
               +--------+--------+--------+--------+--------+-----+--------+
         Total |   5711 |   5459 |    252 |   1154 |   3139 |   7 |  815.9 |
       Dungeon |   5571 |   5325 |    246 |   1154 |   3011 |   6 |  928.5 |
        Temple |    140 |    135 |      5 |      0 |    128 |   1 |  140.0 |
               +--------+--------+--------+--------+--------+-----+--------+

Top non-repeatable levels by time:
     D:5: 2020 daAuts
     D:2: 1130 daAuts
     D:4: 1061 daAuts
     D:1: 839 daAuts
     D:3: 470 daAuts
  Temple: 140 daAuts
     D:6: 49 daAuts
